 Dungeon Crawl Stone Soup version 0.20-a0-739-g6bb112f (webtiles) character file.

110 polly the Slasher (level 4, -2/36 HPs)
             Began as a Demonspawn Gladiator on Feb 25, 2017.
             Slain by Donglino's ghost (11 damage)
             ... on level 3 of the Dungeon.
             The game lasted 00:03:44 (2939 turns).

polly the Slasher (Demonspawn Gladiator)            Turns: 2939, Time: 00:03:44

Health: -2/36      AC: 14    Str: 12 (15) XL:     4   Next: 61%
Magic:  4/4        EV:  3    Int:  9 (10) God:
Gold:   69         SH:  0    Dex: 12 (14) Spells: 3/3 levels left

rFire    . . .     SeeInvis .   a - +0 long sword
rCold    . . .     Gourm    .   k - +0 plate armour
rNeg     . . .     Faith    .   (no shield)
rPois    .         Spirit   .   c - +0 helmet
rElec    .         Reflect  .   (no cloak)
rCorr    .         Harm     .   (no gloves)
MR       .....                  (no boots)
Stlth    ..........             (no amulet)
Regen    0.2/turn               (no ring)
MPRegen  0.1/turn               (no ring)

@: no status effects
A: rugged brown scales 3
a: no special abilities


You were on level 3 of the Dungeon.
You were hungry.

You visited 1 branch of the dungeon, and saw 3 of its levels.

You collected 69 gold pieces.

Inventory:

Hand Weapons
 a - a +0 long sword (weapon)
Missiles
 d - 3 throwing nets (quivered)
Armour
 c - a +0 helmet (worn)
 k - a +0 plate armour (worn)
Wands
 g - a wand of polymorph (7/24)
Scrolls
 b - 3 scrolls of teleportation {unknown}
 i - a scroll of enchant weapon {unknown}
 l - a scroll of blinking {unknown}
 n - a scroll of identify {unknown}
Potions
 h - a potion of agility {unknown}
 j - a potion of curing
Comestibles
 f - 3 bread rations
 m - 4 fruits


   Skills:
 + Level 2.4 Fighting
 + Level 4.0 Long Blades
 + Level 1.8 Throwing
 + Level 1.3 Armour
 + Level 3.1 Dodging
 + Level 0.4 Stealth


You had 3 spell levels left.
You didn't know any spells.

Dungeon Overview and Level Annotations

Branches:
Dungeon (3/15)

Altars:
Cheibriados
Elyvilon
Gozag
Ru
Trog
Uskayaw
Vehumet
Zin
The Shining One

Annotations:
D:3 Donglino's ghost, amateur HOFi


Innate Abilities, Weirdness & Mutations

You are completely covered in rugged brown scales. (AC +3, +7% HP)


Message History

The orc priest invokes the aid of Beogh against you.
Pain shoots through your body!
* * * LOW HITPOINT WARNING * * *
You are too injured to fight recklessly!
You hit the orc priest.
The orc priest is lightly wounded.
The orc priest hits you but does no damage.
You hit the orc priest.
The orc priest is moderately wounded.
The orc priest closely misses you.
You closely miss the orc priest.
The orc priest is moderately wounded.
The orc priest barely misses you.
You riposte.
You hit the orc priest.
The orc priest is heavily wounded.
It was a potion of degeneration.
There was something very wrong with that liquid.
You feel weakened.
You feel dopey.
You feel clumsy.
The orc priest hits you but does no damage.
Donglino's ghost hits you!
You die...

#.#.### #..........#.....#....#
#)#...# #..........##......##..
#.###.###...........#....#....#
#.# #....#.#...##.#........####
###.######.......##..............
..................#.........#####
.......#.####....)...#......#####
###.#..........)..............##.
#.#..####.####@W...............
#.##.##.....##o................
#.##.#.......#..............###
#.##.#.......#..............###
..##....._.................###$
.###.#.......#...#..##########$
#.#.......#..†...####### ###
#.##.....##..)....(....# #.#
#..####.####..))..#.....# #..


You could see an orc priest and Donglino's ghost.

Vanquished Creatures
  2 adders
  4 worms
  A dart slug (D:1)
  2 leopard geckos
  8 orcs
  A giant cockroach (D:1)
  3 hobgoblins
  7 jackals
  14 kobolds
  3 ball pythons (D:2)
  6 bats
  2 frilled lizards (D:2)
  5 goblins
  9 rats
67 creatures vanquished.

Notes
Turn   | Place    | Note
-------+----------+-------------------------------------------
     0 | D:1      | polly the Demonspawn Gladiator began the quest for the Orb.
     0 | D:1      | Reached XP level 1. HP: 16/16 MP: 1/1
   312 | D:1      | Gained mutation: You are partially covered in rugged brown scales. (AC +1, +3% HP) [demonic ancestry]
   312 | D:1      | Reached XP level 2. HP: 16/22 MP: 2/2
   373 | D:1      | Found a snail-covered altar of Cheibriados.
   764 | D:1      | Reached skill level 3 in Long Blades
   918 | D:2      | Found a sacrificial altar of Ru.
   978 | D:2      | Gained mutation: You are mostly covered in rugged brown scales. (AC +2, +5% HP) [demonic ancestry]
   978 | D:2      | Reached XP level 3. HP: 20/28 MP: 3/3
   985 | D:2      | Found a hide-covered altar of Uskayaw.
   985 | D:2      | Found a glowing golden altar of the Shining One.
  1460 | D:2      | Found a radiant altar of Vehumet.
  1563 | D:2      | Found a white marble altar of Elyvilon.
  1753 | D:3      | Reached skill level 1 in Armour
  1780 | D:3      | Noticed Donglino's ghost (amateur HOFi)
  1829 | D:2      | Gained mutation: You are completely covered in rugged brown scales. (AC +3, +7% HP) [demonic ancestry]
  1829 | D:2      | Reached XP level 4. HP: 5/35 MP: 4/4
  2512 | D:3      | Noticed a moth of wrath
  2514 | D:3      | Found a bloodstained altar of Trog.
  2788 | D:3      | Found a glowing silver altar of Zin.
  2842 | D:3      | Found an opulent altar of Gozag.
  2903 | D:3      | Reached skill level 4 in Long Blades
  2939 | D:3      | Slain by Donglino's ghost

Vault maps used:
D:1:      elethiomel_arrival_infinity_welcomes_careful_drivers,
          cheibriados_altar_1
D:2:      lemuel_doored_altar, grunt_temple_overflow_open,
          overflow_temple_1_default
D:3:      old_standard_altar, zin_treasury, first_bread,
          grunt_decor_mini_mirrors, minmay_misc_feat_hallway, tgw_trog

Skill      XL: |  1  2  3  4 |
---------------+-------------+-----
Dodging        | 3 |  3.1
Long Blades    | 3 4 |  4.0
Armour         | 1 |  1.3
Fighting       | |  2.4
Throwing       | |  1.8
Stealth        | |  0.4

Action                   |  1- 3 |  4- 6 || total
-------------------------+-------+-------++-------
Melee: Long sword        |   139 |    97 ||   236
  Use: Potion            |     1 |     2 ||     3
 Stab: Sleeping          |     1 |       ||     1
  Eat: Chunk             |     2 |     4 ||     6
Armor: Leather armour    |    38 |       ||    38
       Plate armour      |    93 |   109 ||   202
Dodge: Dodged            |    87 |    41 ||   128
       Rpst.: Long sword |    27 |    10 ||    37
